 Dungeon Crawl Stone Soup version 0.20-a0-2-g2b0e13a (webtiles) character file.

2960 Malachi the Reanimator (level 9, -4/82 HPs)
             Began as a Deep Dwarf Necromancer on Oct 28, 2016.
             Was an Initiate of Makhleb.
             Killed by divine providence
             ... invoked by an orc priest
              (10 damage)
             ... on level 8 of the Dungeon.
             The game lasted 00:24:38 (6677 turns).

Malachi the Reanimator (Deep Dwarf Necromancer)     Turns: 6677, Time: 00:24:39

Health: -4/82      AC:  5    Str: 12    XL:     9   Next: 52%
Magic:  14/17      EV: 15    Int: 19    God:    Makhleb [......]
Gold:   403        SH:  0    Dex: 13    Spells: 2 memorised, 17 levels left

rFire  . . .     SeeInvis .     v - +1 dagger (elec)
rCold  . . .     Gourm    .     a - +0 robe
rNeg   + . .     Faith    .     (no shield)
rPois  .         Spirit   .     (no helmet)
rElec  .         Reflect  .     (no cloak)
rCorr  .         Harm     .     p - +0 pair of gloves
MR     +....                    B - +1 pair of boots
Stlth  +++.......               (no amulet)
                                (no ring)
                                k - ring of positive energy

@: non-regenerating
A: damage resistance, recharge devices, low mp 1, sense surroundings 2, robust
1, screaming 1, slow regeneration 3
a: Device Recharging, Renounce Religion


You were on level 8 of the Dungeon.
You worshipped Makhleb.
Makhleb was noncommittal.
You were not hungry.

You visited 2 branches of the dungeon, and saw 10 of its levels.

You collected 403 gold pieces.

Inventory:

Hand Weapons
 v - a +1 dagger of electrocution (weapon)
 A - a +0 blowgun
Missiles
 x - 2 throwing nets (quivered)
 y - 65 poisoned needles
Armour
 a - a +0 robe (worn)
 p - a +0 pair of gloves (worn)
 B - a +1 pair of boots (worn)
Jewellery
 k - a ring of positive energy (left hand)
 l - an uncursed ring of protection from fire
 o - a cursed amulet of inaccuracy {unknown}
 E - an uncursed ring of resist corrosion {unknown}
 G - an uncursed amulet of faith {unknown}
Wands
 c - a wand of heal wounds (0/9)
 h - a wand of flame (24/48)
 q - a wand of flame (23/48)
 t - a wand of flame (30/48)
 F - a wand of iceblast (2/15)
Scrolls
 i - 2 scrolls of teleportation
 m - a scroll of magic mapping
 n - 3 scrolls of identify
 r - a scroll of blinking
 w - 2 scrolls of fear
 C - a scroll of recharging
 D - a scroll of enchant armour
Potions
 g - a potion of haste
 j - 2 potions of heal wounds
 s - 2 potions of brilliance
Books
 b - a book of Necromancy

   Spells                             Type                      Level
   a - Pain                           Necromancy                   1
   b - Animate Skeleton               Necromancy                   1
   c - Vampiric Draining              Necromancy                   3
   d - Regeneration                   Charms/Necromancy            3
   e - Animate Dead                   Necromancy                   4
   f - Control Undead                 Necromancy                   4
 e - a book of Changes

   Spells                             Type                      Level
   a - Beastly Appendage              Transmutation                1
   b - Sticks to Snakes               Transmutation                2
   c - Spider Form                    Transmutation/Poison         3
   d - Ice Form                       Ice/Transmutation            4
   e - Blade Hands                    Transmutation                5
Comestibles
 d - 4 bread rations
 f - 4 meat rations
 u - 8 beef jerkies
 z - a slice of pizza


   Skills:
 + Level 3.1 Fighting
 + Level 2.6 Short Blades
 + Level 0.5 Throwing
 + Level 5.7 Dodging
 + Level 5.0 Stealth
 + Level 6.7 Spellcasting
 + Level 9.1 Necromancy
 - Level 2.3 Evocations


You had 17 spell levels left.
You knew the following spells:

 Your Spells              Type           Power        Failure   Level  Hunger
a - Pain                  Necr           ####         1%          1    None
b - Vampiric Draining     Necr           #####.....   1%          3    ##.....


Dungeon Overview and Level Annotations

Branches:
Dungeon (9/15)             Temple (1/1) D:7
   Lair: D:8-11         Orc: D:9-12

Altars:
Ashenzari
Dithmenos
Elyvilon
Fedhas
Gozag
Hepliaklqana
Makhleb
Nemelex Xobeh
Okawaru
Sif Muna
Trog
Uskayaw
Xom
Yredelemnul
Zin
The Shining One

Shops:
D:7 *

Annotations:
D:5 GordonOverkill's ghost, amateur GrHu
D:6 exclusion: hill giant


Innate Abilities, Weirdness & Mutations

You are resistant to damage.
You can recharge devices by infusing magical energy.
You passively map the area around you.
You do not regenerate.
Your magical capacity is low. (-10% MP)
You are robust. (+10% HP)
You occasionally shout uncontrollably at your foes.


Message History

The hound moves out of view.
Found a scroll labeled YZISUSSAWER.
You see here a bread ration.
An orc warrior and an orc wizard come into view.
The orc wizard is wielding a dagger of electrocution.
The orc wizard shouts!
You hear a blaring wail to the south.
You see here 23 stones.
A yak comes into view.
The hound bites you. The hound closely misses you.
The hound bites you but does no damage. The hound bites you.
There is a stone staircase leading up here.
The hound bites you but does no damage.
The orc warrior hits you from afar with a glaive!!
* * * LOW HITPOINT WARNING * * *
You climb upwards.
The gnoll closely misses you.
The orc priest calls down the wrath of Beogh upon you.
Beogh smites you!
You die...

, #....# , ,, ..#.#
#....# * *
##...###########....# * *
, .........).......... ,,
,..................# *
#####..###########....# ,
,*......................#
** *
*##...########.#.....#
#..g@h.o..oo).#.#.### , ,
* *#.##.########.#.#.# ,
, #.# #.#...# * ,#.#
#o##### , , , #.# #.# ,,
, , #.# #..$.g... ,,, #.#
#........ **, #.#
#........ * *, , ** *
##.......


You could see an orc warrior, a hound, an orc priest, a gnoll and an orc
(wandering).

Vanquished Creatures
  Pikel (D:4)
  Prince Ribbit (D:7)
  A hungry ghost (D:7)
  Menkaure (D:7)
  Duvessa (D:6)
  A sky beast (D:3)
  2 black bears (D:6)
  An ice beast (D:7)
  2 ogres
  A phantom (D:7)
  3 centaurs (D:6)
  A crocodile (D:7)
  A big kobold (D:7)
  Dowan (D:6)
  A scorpion (D:6)
  2 howler monkeys (D:7)
  5 wights (D:7)
  A hound (D:5)
  A jelly (D:8)
  A gnoll shaman (D:6)
  2 orc priests (D:5)
  2 bullfrog skeletons
  2 iguanas
  2 worker ants
  A hound skeleton (D:7)
  A hound zombie (D:5)
  7 gnolls
  11 adders
  A shadow imp (D:7)
  An ooze (D:3)
  An adder skeleton (D:4)
  3 dart slugs
  2 leopard geckos
  6 orcs
  3 ball pythons
  4 giant cockroaches
  11 goblins
  6 hobgoblins
  3 quokkas
  2 ball python skeletons (D:4)
  6 bats
  6 frilled lizards
  9 kobolds
  A quokka zombie (D:5)
  6 rats
128 creatures vanquished.

Notes
Turn   | Place    | Note
-------+----------+-------------------------------------------
     0 | D:1      | Malachi the Deep Dwarf Necromancer began the quest for the Orb.
     0 | D:1      | Reached XP level 1. HP: 15/15 MP: 3/3
   348 | D:1      | Reached XP level 2. HP: 22/22 MP: 1/4
   657 | D:1      | Reached skill level 5 in Necromancy
  1071 | D:2      | Reached XP level 3. HP: 6/28 MP: 0/6
  1200 | D:2      | Learned a level 3 spell: Vampiric Draining
  1675 | D:3      | Reached XP level 4. HP: 23/36 MP: 1/7
  1934 | D:3      | Noticed a sky beast
  1984 | D:3      | Killed a sky beast
  1984 | D:3      | Reached XP level 5. HP: 31/42 MP: 0/9
  2005 | D:3      | Reached skill level 6 in Necromancy
  2160 | D:4      | Noticed an ogre
  2517 | D:4      | Noticed Pikel
  2517 | D:4      | Noticed a slave
  2517 | D:4      | Noticed a slave
  2517 | D:4      | Noticed a slave
  2517 | D:4      | Noticed a slave
  3134 | D:5      | Entered Level 5 of the Dungeon
  3134 | D:5      | Noticed GordonOverkill's ghost (amateur GrHu)
  3213 | D:4      | Killed an ogre
  3213 | D:4      | Reached XP level 6. HP: 16/50 MP: 0/11
  3368 | D:6      | Found a bloodstained altar of Trog.
  3369 | D:6      | Reached skill level 1 in Evocations
  3392 | D:6      | Reached skill level 1 in Fighting
  3392 | D:6      | Reached XP level 7. HP: 29/57 MP: 1/13
  3532 | D:6      | Found a basalt altar of Yredelemnul.
  3606 | D:6      | Noticed a hill giant
  3704 | D:6      | Noticed Dowan
  3719 | D:6      | Killed Dowan
  3979 | D:6      | Reached skill level 1 in Short Blades
  3992 | D:6      | Noticed Duvessa
  4003 | D:6      | Killed Duvessa
  4003 | D:6      | Reached skill level 7 in Necromancy
  4141 | D:6      | Reached XP level 8. HP: 50/67 MP: 6/14
  4615 | D:5      | Found a white marble altar of Elyvilon.
  4972 | D:5      | Reached skill level 5 in Spellcasting
  5102 | D:4      | Killed Pikel
  5102 | D:4      | Reached skill level 5 in Dodging
  5102 | D:4      | Reached skill level 8 in Necromancy
  5341 | D:7      | Found a staircase to the Ecumenical Temple.
  5350 | Temple   | Entered the Ecumenical Temple
  5363 | Temple   | Became a worshipper of Makhleb the Destroyer
  5661 | D:7      | Gained mutation: You passively map the area around you. [Deep Dwarf growth]
  5661 | D:7      | Reached XP level 9. HP: 29/74 MP: 17/17
  5680 | D:7      | Found a shimmering altar of Xom.
  5686 | D:7      | Found a shimmering altar of Xom.
  5686 | D:7      | Found a glowing golden altar of the Shining One.
  5695 | D:7      | Found a glowing silver altar of Zin.
  5695 | D:7      | Found a burning altar of Makhleb.
  5695 | D:7      | Found a basalt altar of Yredelemnul.
  5804 | D:7      | Found a burning altar of Makhleb.
  6000 | D:7      | Gained mutation: You occasionally shout uncontrollably at your foes. [potion of mutation]
  6000 | D:7      | Gained mutation: You are robust. (+10% HP) [potion of mutation]
  6000 | D:7      | Gained mutation: Your magical capacity is low. (-10% MP) [potion of mutation]
  6213 | D:7      | Noticed Menkaure
  6214 | D:7      | Found Xoqous's Assorted Antiques.
  6223 | D:7      | Killed Menkaure
  6223 | D:7      | Reached skill level 5 in Stealth
  6367 | D:7      | Noticed Prince Ribbit
  6392 | D:7      | Killed Prince Ribbit
  6392 | D:7      | Reached skill level 9 in Necromancy
  6527 | D:7      | Noticed a cacodemon
  6575 | D:8      | Found a blossoming altar of Fedhas.
  6642 | D:9      | Found a glowing golden altar of the Shining One.
  6677 | D:8      | Killed from afar by an orc priest

Vault maps used:
D:1:      dpeg_arrival_tiny_d
D:2:      first_bread
D:3:      hex_intersection
D:4:      minmay_misc_feat_x, uniq_pikel
D:5:      elyvilon_altar_4, saegor_snake_ambush
D:6:      corexii_shack, hangedman_feature_mirror, minmay_lizard_king,
          uniq_duvessa
D:7:      doesnt_xom_only_xom, serial_shops,
          nicolae_shop_temple_entry_statues_fountains, minmay_misc_feat_tower,
          nrook_uturn, grunt_ogre_cave, hangedman_decor_points,
          makhleb_altar_promises_db, uniq_prince_ribbit1, uniq_menkaure
D:8:      lair_0_dummy, fedhas_altar_3, uniq_maurice
D:9:      old_standard_altar, nicolae_overflow_hidden_temple, lemuel_tele_altar
Temple:   eino_temple_lava

Skill      XL: |  1  2  3  4  5  6  7  8  9 |
---------------+----------------------------+-----
Spellcasting   | 2 3 4 5 6 |  6.7
Necromancy     | 5 6 7 8 9 |  9.1
Dodging        | 3 4 5 |  5.7
Evocations     | 1 2 |  2.3
Stealth        | 3 4 5 |  5.0
Fighting       | 1 2 3 |  3.1
Short Blades   | 1 2 |  2.6
Throwing       | |  0.5

Action                   |  1- 3 |  4- 6 |  7- 9 || total
-------------------------+-------+-------+-------++-------
Melee: Dagger            |     5 |    78 |   220 ||   303
       Unarmed           |     2 |       |       ||     2
 Fire: Blowgun           |       |     6 |       ||     6
 Cast: Pain              |    57 |     4 |       ||    61
       Vampiric Draining |    10 |    33 |    61 ||   104
Evoke: Wand              |       |     4 |    15 ||    19
  Use: Scroll            |       |     4 |     9 ||    13
       Potion            |       |     1 |     5 ||     6
 Stab: Sleeping          |       |     4 |     8 ||    12
  Eat: Chunk             |     4 |     9 |     4 ||    17
       Bread ration      |       |       |     4 ||     4
Armor: Robe              |     9 |    24 |    45 ||    78
Dodge: Dodged            |    54 |    92 |   193 ||   339
